 Dungeon Crawl Stone Soup version 0.28.0 (webtiles) character file.

Game seed: 3684604083259773414

190 horus123 the Grasshopper (level 5, -11/34 HPs)
             Began as an Octopode Warper on Feb 11, 2022.
             Killed by divine providence
             ... invoked by an orc priest
              (13 damage)
             ... on level 3 of the Dungeon.
             The game lasted 00:05:46 (3439 turns).

horus123 the Grasshopper (Octopode Warper)          Turns: 3439, Time: 00:05:47

Health: -11/34     AC:  1    Str: 11    XL:     5   Next: 69%
Magic:  9/9        EV: 17    Int: 17    God:
Gold:   49         SH:  0    Dex: 11    Spells: 2/10 levels left

rFire   . . .      SeeInvis .   a - +0 falchion
rCold   . . .      Faith    .   (no shield)
rNeg    . . .      Spirit   .   (helmet restricted)
rPois   .          Reflect  .   (no amulet)
rElec   .          Harm     .   f - +4 ring of evasion
rCorr   +          Rampage  .   q - ring of resist corrosion
Will    .....                   (no ring)
Stlth   ++........              (no ring)
HPRegen 0.11/turn               (no ring)
MPRegen 0.11/turn               (no ring)
                                (no ring)
                                (no ring)

@: no status effects
A: almost no armour, amphibious, 8 rings, camouflage 1, gelatinous body 1,
(nimble swimmer 1), tentacles
a: no special abilities


You were on level 3 of the Dungeon.
You visited 1 branch of the dungeon, and saw 3 of its levels.

You collected 49 gold pieces.

Inventory:

Hand Weapons
 a - a +0 falchion (weapon)
 m - a +2 vorpal flail
Missiles
 c - 5 boomerangs of dispersal
 g - 5 boomerangs (quivered)
 o - 6 poisoned darts
Jewellery
 f - a +4 ring of evasion (left tentacle)
 q - a ring of resist corrosion (right tentacle)
Scrolls
 b - a scroll of blinking
 d - a scroll of vulnerability
 i - a scroll of teleportation
Potions
 e - a potion of flight
 h - a potion of magic
 j - a potion of resistance
 k - a potion of curing {unknown}
 l - 3 potions of heal wounds {unknown}
 n - a potion of degeneration {unknown}
 p - a potion of ambrosia {unknown}


   Skills:
 - Level 2.0 Fighting
 - Level 2.0 Long Blades
 + Level 2.2 Throwing
 - Level 2.3 Dodging
 - Level 3.0 Spellcasting
 - Level 5.2 Translocations


You had 2 spell levels left.
You knew the following spells:

 Your Spells              Type           Power      Damage    Failure   Level
a - Blink                 Tloc           40%        N/A       3%          2
b - Gell's Gravitas       Tloc           20%        N/A       6%          3
c - Teleport Other        Tloc           20%        N/A       6%          3

Your spell library contained the following spells:

 Spells                   Type           Power      Damage    Failure   Level
 Apportation              Tloc           40%        N/A       1%          1
 Lesser Beckoning         Tloc           20%        N/A       6%          3
 Manifold Assault         Tloc           20%        N/A       50%         5


Dungeon Overview and Level Annotations

Branches:
Dungeon (3/15)

Altars:

Shops:
D:1 (


Innate Abilities, Weirdness & Mutations

You cannot wear most types of armour.
You are amphibious.
You can wear up to eight rings at the same time.
Your skin changes colour to match your surroundings (Stealth+).
Your rubbery body absorbs attacks. (AC +1, EV +1)
((You are camouflaged when in or above water. (Stealth+)))
You have tentacles for arms and can constrict up to eight enemies at once.


Message History

Things that are here:
a +0 mace; a +0 leather armour; an orc corpse You throw a boomerang.
The orc shouts!
The boomerang hits the orc but does no damage.
An orc priest comes into view. It is wielding a +0 hand axe.
You throw a boomerang. The boomerang barely misses the orc.
You throw a boomerang.
The boomerang hits the orc but does no damage.
The orc priest calls down the wrath of Beogh upon you.
Beogh smites you!
You barely miss the orc. Your grab misses the orc. You squeeze the orc.
The orc is severely wounded.
The orc closely misses you.
You barely miss the orc. You grab the orc. You squeeze the orc.
You kill the orc!
The orc priest miscasts a cantrip.
You see here a +0 flail.
The orc priest barely misses you.
You hit the orc priest but do no damage.
Your grab misses the orc priest.
The orc priest calls down the wrath of Beogh upon you.
Beogh smites you!
* * * LOW HITPOINT WARNING * * *
Okay, then.
You hit the orc priest but do no damage.
Your grab misses the orc priest. The orc priest closely misses you.
You barely miss the orc priest. You grab the orc priest.
You squeeze the orc priest.
The orc priest is lightly wounded.
You constrict the orc priest, but do no damage.
The orc priest hits you with a +0 hand axe.
* * * LOW HITPOINT WARNING * * *
You hit the orc priest. Your squeeze misses the orc priest.
The orc priest is lightly wounded.
You constrict the orc priest, but do no damage.
The orc priest casts a cantrip, but nothing happens.
The orc priest mumbles some strange prayers to Beogh against you.
Beogh smites you!
You die...

#####.##..##>...≈≈..
#..##.# ##......
##.(..####..≈...
###........≈...
######..#..<. .
########.#.... ...
..............
.....#######.####.......
.....)o@).##.####.#....#
.....####)≈≈≈≈)...#..#..
... #≈≈)..)≈......... .
#.≈≈.≈)≈.........
#...)≈♣..≈#...##.
#.≈≈.♣...≈≈..##..
#≈♣≈≈...♣.......#
..≈.≈...≈......#.#
##.....≈♣≈≈≈......#


You could see an orc priest.

Vanquished Creatures
  Terence (D:2)
  3 gnolls (D:2)
  4 adders
  An ufetubus (D:3)
  A worm (D:3)
  2 dart slugs (D:1)
  14 orcs (D:3)
  6 bats
  7 endoplasms
  5 giant cockroaches
  5 goblins
  A hobgoblin (D:2)
  2 jackals (D:1)
  3 quokkas (D:1)
  8 ball pythons
  3 frilled lizards
  3 kobolds (D:1)
  3 rats
72 creatures vanquished.

Vanquished Creatures (others)
  A fungus (D:2)
1 creature vanquished.

Grand Total: 73 creatures vanquished

Notes
Turn   | Place    | Note
-------+----------+-------------------------------------------
     0 | D:1      | horus123 the Octopode Warper began the quest for the Orb.
     0 | D:1      | Reached XP level 1. HP: 14/14 MP: 3/3
   107 | D:1      | Reached XP level 2. HP: 8/19 MP: 3/5
   314 | D:1      | Found Siotz's Antique Weapon Emporium.
   486 | D:1      | Learned a level 2 spell: Blink
   626 | D:1      | Reached XP level 3. HP: 21/24 MP: 7/7
  1485 | D:2      | Noticed Terence
  1495 | D:2      | Killed Terence
  1496 | D:2      | Reached skill level 4 in Translocations
  1496 | D:2      | Reached XP level 4. HP: 9/29 MP: 8/8
  1733 | D:2      | Found a faded altar of an unknown god.
  1750 | D:2      | Got Plato's Volume of the Traveller
  1760 | D:2      | Learned a level 3 spell: Gell's Gravitas
  1764 | D:2      | Learned a level 3 spell: Teleport Other
  2702 | D:3      | Reached XP level 5. HP: 21/34 MP: 9/9
  2944 | D:3      | Reached skill level 5 in Translocations
  3439 | D:3      | Killed from afar by an orc priest

Illustrated notes

Levels and vault maps discovered:
D:1:      minmay_arrival_wavy_path, layout_loops_ring, serial_shops,
          nicolae_shop_statue_plus, minmay_heptomino_w4
D:2:      layout_loops_ring, shapermc_ecumenical_altar_rom_forum,
          grunt_ministairs_2, minmay_misc_feat_square,
          chequers_decorated_corner, bh_walls_and_bars, uniq_terence
D:3:      layout_rooms, serial_rivers, chequers_serial_rivers_small_3,
          chequers_serial_rivers_marsh, chequers_serial_rivers_micro_c,
          chequers_serial_rivers_large_b, grunt_ministairs_13, hex_intersection

Skill      XL: |  1  2  3  4  5 |
---------------+----------------+-----
Spellcasting   | 3 |  3.0
Translocations | 4 5 |  5.2
Throwing       | 2 |  2.2
Fighting       | |  2.0
Long Blades    | |  2.0
Dodging        | |  2.3

Action                   |  1- 3 |  4- 6 || total
-------------------------+-------+-------++-------
Melee: Falchion          |    57 |    74 ||   131
       Constrict         |    13 |    19 ||    32
       Tentacles         |    13 |    20 ||    33
       Punch             |       |     1 ||     1
Throw: Boomerang         |    10 |    32 ||    42
 Cast: Gell's Gravitas   |       |     2 ||     2
  Use: Scroll            |     4 |     3 ||     7
 Stab: Sleeping          |     6 |     3 ||     9
       Distracted        |       |     1 ||     1
Armor: Skin              |     2 |     6 ||     8
Dodge: Dodged            |    41 |    67 ||   108
